 Dungeon Crawl Stone Soup version 0.31-a0-198-g2ad674f65e (webtiles) character file.

Game seed: 12207180145016898573

151 qw the Skirmisher (level 5, 0/29 HPs)
             Began as a Deep Elf Hunter on June 25, 2023.
             Slain by an orc
             ... wielding a +0 heavy flail
              (5 damage)
             ... on level 3 of the Dungeon.
             The game lasted 00:00:44 (2114 turns).

qw the Skirmisher (Deep Elf Hunter)                 Turns: 2114, Time: 00:00:45

Health: 0/29       AC:  6    Str: 16    XL:     5   Next: 11%
Magic:  7/7        EV: 11    Int: 14    God:
Gold:   113        SH:  0    Dex: 18    Spells: 4/4 levels left

rFire   . . .        Y - +0 shortbow (drain)
rCold   . . .        (shield currently unavailable)
rNeg    . . .        e - +0 ring mail
rPois   .            (no helmet)
rElec   .            (no cloak)
rCorr   .            (no gloves)
SInv    .            i - +0 pair of boots
Will    .....        (no amulet)
Stlth   +            b - +6 ring of strength
HPRegen 0.24/turn    (no ring)
MPRegen 0.10/turn

%: no passive effects
@: no status effects
A: no striking features
a: no special abilities


You were on level 3 of the Dungeon.
You visited 1 branch of the dungeon, and saw 3 of its levels.

You collected 113 gold pieces.


   Skills:
 - Level 1.5 Fighting
 + Level 8.5 Ranged Weapons
 - Level 2.4 Dodging
 - Level 1.2 Stealth


You had 4 spell levels left.
You didn't know any spells.
Your spell library was empty.

Inventory:

Hand Weapons
 Y - a +0 shortbow of draining (weapon)
Armour
 c - a +2 cloak
 e - a +0 ring mail (worn)
 i - a +0 pair of boots (worn)
Jewellery
 b - a +6 ring of strength (left hand)
Scrolls
 a - a scroll of identify
 g - a scroll of revelation {unknown}
Potions
 d - a potion of attraction {unknown}
 f - a potion of curing {unknown}
 j - a potion of cancellation {unknown}
 k - a potion of berserk rage {unknown}
 m - a potion of might {unknown}

Dungeon Overview and Level Annotations

Branches:
Dungeon (3/15)

Altars:


Message History

The arrow closely misses the orc wizard.
The orc shouts!
You shoot an arrow.
The arrow closely misses the orc wizard.
The arrow barely misses the orc.
The orc wizard hits you with a +0 dagger.
You shoot an arrow. The arrow hits the orc wizard!
You drain the orc wizard.
The orc wizard is almost dead.
The orc wizard gestures at you while chanting.
You resist with some effort.
You shoot an arrow. The arrow hits the orc wizard.
You kill the orc wizard!
You have reached level 5!
You shoot an arrow.
The arrow hits the orc but does no damage.
The orc hits you with a +0 heavy flail!
You shoot an arrow. The arrow barely misses the orc.
You shoot an arrow. The arrow closely misses the orc.
The orc hits you with a +0 heavy flail.
You shoot an arrow.
The arrow hits the orc but does no damage.
You drain the orc.
The orc is heavily wounded.
The orc closely misses you.
An orc comes into view. It is wielding a +0 falchion.
You shoot an arrow.
The arrow hits the orc but does no damage.
The orc is heavily wounded.
An orc comes into view. It is wielding a +0 club.
The orc hits you with a +0 heavy flail!
You shoot an arrow. The orc shouts!
The arrow hits the orc but does no damage.
You drain the orc.
The orc is severely wounded.
You hear a shout!
You shoot an arrow. The arrow hits the orc.
The orc is almost dead.
The orc hits you with a +0 heavy flail.
You die...

#.#
#.........#
#.#
###########
#.# #.# #.#
#.# #######
#.# .......
#.#####.......
#.....@o.)....
#######)......
..<....
.......
.#.#.## o#.# #
o# # ..


You could see 3 orcs.

Vanquished Creatures
  An orc wizard (D:3)
  6 adders
  2 worms
  3 dart slugs
  3 orcs (D:3)
  3 bats
  9 endoplasms
  2 giant cockroaches (D:2)
  2 goblins (D:2)
  4 hobgoblins
  2 jackals (D:3)
  6 kobolds
  6 quokkas
  A ball python (D:2)
  A frilled lizard (D:3)
  6 rats
57 creatures vanquished.

Notes
Turn   | Place    | Note
-------+----------+-------------------------------------------
     0 | D:1      | qw the Deep Elf Hunter began the quest for the Orb.
     0 | D:1      | Reached XP level 1. HP: 12/12 MP: 3/3
     0 | D:1      | 0 ||| qw: Version: 0.3-a-22-g0ed2b0b
     0 | D:1      | 0 ||| qw: Game counter: 5143
     0 | D:1      | 0 ||| qw: Melee chars always use a shield: true
     0 | D:1      | 0 ||| qw: God list: Okawaru
     0 | D:1      | 0 ||| qw: Allow faded altars: false
     0 | D:1      | 0 ||| qw: Do Orc after clearing Dungeon:15 true
     0 | D:1      | 0 ||| qw: Do second Lair branch before Depths: true
     0 | D:1      | 0 ||| qw: Lair rune preference: random
     0 | D:1      | 0 ||| qw: Goals: Normal
     0 | D:1      | 0 ||| PLANNING D:1-11
    50 | D:1      | HP: 3/12 [quokka (2)]
   208 | D:1      | Reached skill level 6 in Ranged Weapons
   208 | D:1      | Reached XP level 2. HP: 16/16 MP: 4/4
   313 | D:1      | Found Daumpod's Antique Weapon Shoppe.
   543 | D:1      | 543 ||| UPGRADING to +0 ring mail.
   553 | D:1      | 553 ||| DROPPING +0 leather armour.
   554 | D:1      | 554 ||| READING scroll labelled ACHEAS JIPUA.
   555 | D:1      | 555 ||| DROPPING scroll of butterflies.
   598 | D:2      | Reached XP level 3. HP: 18/20 MP: 5/5
   799 | D:2      | Reached skill level 7 in Ranged Weapons
   814 | D:2      | Reached XP level 4. HP: 25/25 MP: 6/6
  1528 | D:2      | 1528 ||| UPGRADING to +0 pair of boots.
  1533 | D:2      | 1533 ||| UPGRADING to +6 ring of strength.
  1534 | D:2      | 1534 ||| READING scroll labelled NUHUGG TAICS.
  1635 | D:2      | 1635 ||| READING scroll labelled COCZAT RUNIONN.
  1638 | D:2      | 1638 ||| READING scroll labelled DAOLLAPOPS.
  1639 | D:2      | 1639 ||| READING scroll labelled TOARURA UNKE.
  1640 | D:2      | 1640 ||| READING scroll labelled CIS CYCAIFRU.
  1864 | D:3      | Reached skill level 8 in Ranged Weapons
  2108 | D:3      | Reached XP level 5. HP: 28/29 MP: 7/7
  2112 | D:3      | HP: 4/29 [orc/+0 heavy flail (9)]
  2114 | D:3      | Slain by an orc

Levels and vault maps discovered:
D:1:      minmay_arrival_radiant_lines, layout_loops_ring, serial_shops, shop
D:2:      layout_basic, grunt_decor_resistance, interstate_on_off
D:3:      layout_basic

Skill      XL: |  1  2  3  4 |
---------------+-------------+-----
Ranged Weapons | 6 7 8 |  8.5
Fighting       | |  1.5
Dodging        | |  2.4
Stealth        | |  1.2

Action                     |  1- 3 |  4- 6 || total
---------------------------+-------+-------++-------
   Fire: Shortbow          |    87 |    88 ||   175
    Use: Scroll            |     1 |     5 ||     6
 Armour: Leather armour    |     3 |       ||     3
         Ring mail         |     7 |     4 ||    11
  Dodge: Dodged            |    25 |     4 ||    29

Table legend:
 A = Non-vault XP
 B = Vault XP
 C = Vault XP percentage of total XP
 D = Non-vault monster count
 E = Vault monster count
 F = Vault count percentage of total count
                 A         B        C        D         E       F
            +---------+---------+-------+---------+---------+-------
      Total |     217 |       0 |   0.0 |      57 |       0 |   0.0
            +---------+---------+-------+---------+---------+-------
        D:1 |      32 |       0 |   0.0 |      17 |       0 |   0.0
        D:2 |     109 |       0 |   0.0 |      26 |       0 |   0.0
        D:3 |      76 |       0 |   0.0 |      14 |       0 |   0.0
            +---------+---------+-------+---------+---------+-------
